 Dungeon Crawl Stone Soup version 0.21.1-1-g345015fe64 (webtiles) character file.

164 Holzbalken the Cudgeler (level 5, 0/32 HPs)
             Began as a Tengu Berserker on July 14, 2018.
             Was a Believer of Trog.
             Succumbed to an orc's poison
             ... on level 3 of the Dungeon.
             The game lasted 00:09:37 (2175 turns).

Holzbalken the Cudgeler (Tengu Berserker)           Turns: 2175, Time: 00:09:37

Health: 0/32       AC:  3    Str: 18    XL:     5   Next: 45%
Magic:  6/6        EV: 13    Int:  8    God:    Trog [**....]
Gold:   84         SH:  0    Dex: 13    Spells: 4/4 levels left

rFire    . . .     SeeInvis .   i - +0 whip
rCold    + . .     Gourm    .   (no shield)
rNeg     . . .     Faith    .   q - +0 leather armour {rC+}
rPois    .         Spirit   .   (helmet restricted)
rElec    .         Reflect  .   (no cloak)
rCorr    .         Harm     .   (no gloves)
MR       .....                  (boots unavailable)
Stlth    +.........             (no amulet)
HPRegen  0.10/turn              (no ring)
MPRegen  0.10/turn              (no ring)

@: lethally poisoned (0 -> -13), berserk cooldown, slowed, very slow
A: beak, talons 3, able to fly 1
a: Fly, Berserk, Trog's Hand, Burn Spellbooks, Renounce Religion


You were on level 3 of the Dungeon.
You worshipped Trog.
Trog was pleased with you.
You were hungry.

You visited 1 branch of the dungeon, and saw 3 of its levels.

You collected 84 gold pieces.

Inventory:

Hand Weapons
 a - a +0 mace
 i - a +0 whip (weapon)
Armour
 b - a +0 animal skin
 l - a +0 ring mail
 q - a +0 leather armour of cold resistance (worn)
Jewellery
 h - an uncursed amulet of regeneration {unknown}
 m - an uncursed ring of stealth {unknown}
Scrolls
 d - 5 scrolls of identify {unknown}
 e - 2 scrolls of blinking {unknown}
 g - 4 scrolls of teleportation {unknown}
 n - 2 scrolls of fear {unknown}
 s - a scroll of magic mapping {unknown}
 t - a scroll of fog {unknown}
Potions
 j - a potion of cancellation {unknown}
 k - 2 potions of curing {unknown}
 o - a potion of degeneration {unknown}
 p - 2 potions of magic {unknown}
 r - a potion of flight {unknown}
Comestibles
 c - 7 rations
 f - a chunk of flesh


   Skills:
 - Level 3.1 Fighting
 * Level 5.1 Maces & Flails
 + Level 3.4 Armour
 + Level 3.4 Dodging


You had 4 spell levels left.
You didn't know any spells.

Dungeon Overview and Level Annotations

Branches:
Dungeon (3/15)

Altars:
Uskayaw


Innate Abilities, Weirdness & Mutations

You have a beak for a mouth.
You have claws for feet.
You can fly.


Message History

You feel sick. The orc barely misses you. The orc closely misses you.
You see here a scroll labeled ASCHAKHLAARA.
You whack the orc!
You kill the orc!
Trog accepts your kill.
* * * LOW HITPOINT WARNING * * *
You feel sick.
You barely miss the orc.
You kill the orc!
Trog accepts your kill.
* * * LOW HITPOINT WARNING * * *
You feel sick.
The orc shouts!
Items here: ))) [ † a flail; a mace; a dagger of venom; a chain mail; an orc corpse You feel a strong urge to attack something.
You are no longer berserk.
You are exhausted.
You feel yourself slow down.
You die...

###.##..............#
# #.#####.###.#####.#
# #.#####.# #.#####..
#.>.....# #.##....#
######### #.##.##.#
#.##.##.# .
#.......## ...
###.#....#.....
##@)?).......
##[##.##.... #)# .# .
... .# #......
#...o.. #..###.# #...
.# ##.# #


You could see an orc.

Vanquished Creatures
  2 orc priests (D:3)
  2 adders (D:3)
  4 worms
  2 dart slugs (D:1)
  8 orcs (D:3)
  3 ball pythons (D:3)
  11 goblins
  8 hobgoblins (D:1)
  10 bats
  5 frilled lizards
  4 kobolds
  8 rats
67 creatures vanquished.

Notes
Turn   | Place    | Note
-------+----------+-------------------------------------------
     0 | D:1      | Holzbalken the Tengu Berserker began the quest for the Orb.
     0 | D:1      | Reached XP level 1. HP: 14/14 MP: 2/2
   117 | D:1      | Reached XP level 2. HP: 7/19 MP: 3/3
   820 | D:1      | Reached XP level 3. HP: 20/23 MP: 4/4
   876 | D:1      | Reached skill level 4 in Maces & Flails
  1205 | D:2      | Reached ** piety under Trog
  1596 | D:3      | Reached XP level 4. HP: 21/28 MP: 5/5
  1846 | D:3      | Found a hide-covered altar of Uskayaw.
  1847 | D:3      | Noticed a dagger
  1848 | D:3      | Noticed a dagger
  2161 | D:3      | Gained mutation: You can fly. [Tengu growth]
  2161 | D:3      | Reached XP level 5. HP: 26/32 MP: 6/6
  2169 | D:3      | Reached skill level 5 in Maces & Flails
  2171 | D:3      | HP: 2/48 [poisoned by an orc]
  2175 | D:3      | Succumbed to an orc's poison

Skill      XL: |  1  2  3  4  5 |
---------------+----------------+-----
Maces & Flails | 4 5 |  5.1
Dodging        | 3 |  3.4
Armour         | 3 |  3.4
Fighting       | |  3.1

Action                   |  1- 3 |  4- 6 || total
-------------------------+-------+-------++-------
Melee: Mace              |    37 |       ||    37
       Kick              |    16 |    11 ||    27
       Peck              |    11 |     7 ||    18
       Whip              |    46 |    50 ||    96
Invok: Berserk           |     7 |     1 ||     8
  Eat: Chunk             |     7 |     3 ||    10
Armor: Animal skin       |    14 |       ||    14
       Ring mail         |    10 |       ||    10
       Leather armour    |       |     7 ||     7
Dodge: Dodged            |    58 |    39 ||    97
